 Dungeon Crawl Stone Soup version 0.28.0-56-g4927b6849a (webtiles) character file.

Game seed: 10456915006282842402

880 NotaViper the Covered (level 8, 0/66 HPs)
             Began as a Ghoul Gladiator on Feb 6, 2023.
             Was a Believer of Qazlal.
             Slain by a vampire (8 damage)
             ... on level 6 of the Dungeon on Feb 7, 2023.
             The game lasted 00:47:58 (5308 turns).

NotaViper the Covered (Ghoul Gladiator)             Turns: 5308, Time: 00:47:58

Health: 0/66       AC: 11    Str: 18    XL:     8   Next: 5%
Magic:  0/7        EV: 11    Int:  9    God:    Qazlal [**....]
Gold:   262        SH:  3    Dex: 12    Spells: 7/7 levels left

rFire   . . .      SeeInvis .   i - +9 dagger "Impbane" {venom, rC+}
rCold   + + .      Faith    .   (no shield)
rNeg    + + +      Spirit   +   z - +1 scale mail
rPois   ∞          Reflect  .   b - +0 helmet
rElec   .          Harm     .   (no cloak)
rCorr   .          Rampage  .   q - +1 pair of gloves
Will    .....                   (no boots)
Stlth   ..........              C - amulet of guardian spirit
HPRegen 0.00/turn               J - ring of flight
MPRegen 0.10/turn               U - +6 ring of intelligence

@: flying, inhibited regen
A: claws 1, cold resistance 1, negative energy resistance 3, inhibited
regeneration, torment resistance 2
a: Renounce Religion, Upheaval


You were on level 6 of the Dungeon.
You worshipped Qazlal.
Qazlal was pleased with you.
You visited 1 branch of the dungeon, and saw 6 of its levels.

You collected 262 gold pieces.

Inventory:

Hand Weapons
 c - a +0 dagger
 e - a +0 club
 i - the +9 dagger "Impbane" (weapon) {venom, rC+}
   (You found it on level 4 of the Dungeon)

   It poisons the flesh of those it strikes.
   rC:        It protects you from cold.
 j - a +0 hunting sling
 k - a +2 dagger of venom
 m - a +0 short sword
 n - a +0 short sword
 x - a +0 glaive
 y - a +0 club
 A - a +0 dagger of venom
 E - a +0 spear
 G - a +0 hunting sling
 H - a +0 shortbow
Missiles
 g - 100 arrows
 h - 74 sling bullets
 l - 136 stones
 B - 4 poisoned darts
Armour
 a - a +0 leather armour
 b - a +0 helmet (worn)
 d - a +0 robe
 f - a +0 ring mail
 q - a +1 pair of gloves (worn)
 r - a +0 ring mail
 z - a +1 scale mail (worn)
 Q - a +0 scale mail
 S - a +0 pair of boots
Jewellery
 t - a ring of positive energy
 C - an amulet of guardian spirit (around neck)
 J - a ring of flight (left hand)
 U - a +6 ring of intelligence (right hand)
Wands
 M - a wand of digging (3)
 N - a wand of iceblast (7)
 O - a wand of mindburst (16)
Scrolls
 o - 2 scrolls of immolation
 p - a scroll of enchant weapon
 u - a scroll of blinking
 D - a scroll of amnesia
 T - a scroll of magic mapping
 V - a scroll of fog {unknown}
 W - a scroll of silence {unknown}
 X - a scroll of fear
 Y - 4 scrolls of identify
Potions
 s - a potion of might
 v - a potion of attraction {unknown}
 w - a potion of heal wounds {unknown}
 F - a potion of resistance {unknown}
 I - 2 potions of haste
 K - a potion of curing {unknown}
 L - 2 potions of flight {unknown}
 P - a potion of brilliance {unknown}
 R - a potion of mutation {unknown}


   Skills:
 + Level 4.0 Fighting
 + Level 3.0 Short Blades
 + Level 0.7 Maces & Flails
 + Level 3.1(3.4) Slings
 + Level 2.0(2.8) Throwing
 + Level 4.2 Armour
 + Level 3.7 Dodging
 + Level 0.6 Stealth
 + Level 1.1 Shields
 + Level 3.6 Unarmed Combat
 + Level 0.3 Evocations


You had 7 spell levels left.
You didn't know any spells.
Your spell library contained the following spells:

 Spells                   Type           Power      Damage    Failure   Level
 Ignite Poison            Fire/Tmut/Pois 0%         N/A       98%         3
 Tukima's Dance           Hex            0%         N/A       98%         3
 Summon Mana Viper        Hex/Summ       0%         N/A       100%        5
 Yara's Violent Unravell  Hex/Tmut       0%         3d3       100%        5


Dungeon Overview and Level Annotations

Branches:
Dungeon (6/15)             Temple (0/1) D:6

Altars:
Qazlal

Shops:
D:2 (


Innate Abilities, Weirdness & Mutations

You thrive by killing the living.
You are immune to poison.
You have sharp fingernails.
Your flesh is cold resistant. (rC+)
You are immune to negative energy. (rN+++)
You do not regenerate when monsters are visible.
You are immune to unholy pain and torment.


Message History

Y - 3 scrolls of identify
Y - 4 scrolls of identify (gained 1)
Found a stone staircase leading down.
You reach down and open the door.
A vampire comes into view.
The vampire casts a spell.
The vampire flickers and vanishes!
Deactivating autopickup; reactivate with Ctrl-A.
Found a staircase to the Ecumenical Temple.
Something hits you but does no damage. Something bites you.
You miss something. Something hits you. Something bites you.
You closely miss something. Something hits you. Something bites you!
You can't see any enemies this would affect, really read the scroll of fear?
Okay, then.
Really read the scroll of immolation?
You can't even see any enemies this would affect.
Okay, then.
You don't know any spells.
Aiming: Upheaval
Press: ? - help, Q - select action, (/) - cycle Dir - move target, f - you
Okay, then.
Aiming: Upheaval
Press: ? - help, Dir - move target That beam is likely to hit you.
Continue anyway?
A blizzard blasts the area with ice!
The blast of ice hits something!
Something completely misses you. You block something's attack.
You hit something. Something hits you but does no damage. Something bites you.
You hit something but do no damage. Something hits you.
Something completely misses you.
You hit something. Something hits you. Something bites you but does no damage.
You closely miss something. Something hits you but does no damage.
Something bites you but does no damage.
You barely miss something. You hit something but do no damage.
Something hits you! Something bites you!
You hit something. Something hits you.
* * * LOW HITPOINT WARNING * * *
Something bites you!
* * * LOW HITPOINT WARNING * * *
You hit something. Something hits you!
You die...

####+####
#.......#
#.......#
...>... .....
... #{# ######
##@#
....>######..#
#.........##
#.......###
#.......#
#.......#
#.......#
#.......#
#.......#


There were no monsters in sight!

Vanquished Creatures
  A water moccasin (D:5)
  2 centaurs (D:5)
  2 phantoms (D:5)
  A bullfrog (D:6)
  A scorpion (D:4)
  2 hounds
  3 iguanas
  A hound skeleton (D:5)
  A howler monkey skeleton (D:5)
  6 adders
  An adder skeleton (D:4)
  2 dart slugs
  4 orcs
  8 endoplasms
  5 giant cockroaches
  11 goblins
  11 hobgoblins
  7 jackals
  10 kobolds
  5 quokkas
  9 ball pythons
  4 bats
  5 frilled lizards
  A quokka skeleton (D:2)
  4 rats
107 creatures vanquished.

Notes
Turn   | Place    | Note
-------+----------+-------------------------------------------
     0 | D:1      | NotaViper the Ghoul Gladiator began the quest for the Orb.
     0 | D:1      | Reached XP level 1. HP: 17/17 MP: 0/0
    69 | D:1      | Reached XP level 2. HP: 7/24 MP: 1/1
   592 | D:1      | Reached XP level 3. HP: 20/30 MP: 2/2
   902 | D:1      | Found a faded altar of an unknown god.
  1073 | D:1      | Prayed at the altar of an unknown god.
  1073 | D:1      | Became a worshipper of Qazlal Stormbringer
  1073 | D:1      | Reached * piety under Qazlal
  1201 | D:2      | Reached skill level 1 in Armour
  1362 | D:2      | Reached XP level 4. HP: 33/37 MP: 3/3
  1423 | D:2      | Reached skill level 1 in Slings
  1558 | D:2      | Found Agaist's Weapon Emporium.
  2221 | D:3      | Identified the +4 whip "Ehoecofe" {freeze, Fragile rN+
                  | Will+ Dex+4}
  2882 | D:3      | Reached XP level 5. HP: 43/45 MP: 4/4
  3161 | D:4      | Reached skill level 1 in Short Blades
  3308 | D:4      | Reached ** piety under Qazlal
  3389 | D:4      | Identified the +9 dagger "Impbane" {venom, rC+}
  3739 | D:5      | Entered Level 5 of the Dungeon
  3739 | D:5      | Noticed a phantom
  3792 | D:5      | Noticed a water moccasin
  3811 | D:5      | Reached XP level 6. HP: 14/51 MP: 2/5
  4198 | D:5      | Got Acvas's Reference Book on Enthralling Venom
  4550 | D:5      | Reached XP level 7. HP: 57/58 MP: 4/6
  4659 | D:5      | Reached skill level 1 in Shields
  5122 | D:6      | Reached XP level 8. HP: 66/66 MP: 7/7
  5295 | D:6      | Found a staircase to the Ecumenical Temple.
  5295 | D:6      | Noticed a vampire
  5308 | D:6      | Slain by a vampire

Illustrated notes

Levels and vault maps discovered:
D:1:      amcnicky_arrival_feature_with_door, layout_loops_cross,
          hellmonk_ecumenical_altar_lost_god, minmay_quantized
D:2:      layout_basic, serial_shops, shop
D:3:      layout_loops_corners, minmay_puff
D:4:      layout_rooms
D:5:      layout_basic
D:6:      layout_basic, temple_green

Skill      XL: |  1  2  3  4  5  6  7  8 |
---------------+-------------------------+-----
Dodging        | 3 |  3.7
Armour         | 1 2 4 |  4.2
Slings         | 1 2 3 |  3.1
Fighting       | 3 4 |  4.0
Short Blades   | 1 2 3 |  3.0
Shields        | 1 |  1.1
Throwing       | 2 |  2.0
Maces & Flails | |  0.7
Stealth        | |  0.6
Unarmed Combat | |  3.6
Evocations     | |  0.3

Action                   |  1- 3 |  4- 6 |  7- 9 || total
-------------------------+-------+-------+-------++-------
Melee: Unarmed           |    16 |       |       ||    16
       Club              |    57 |       |       ||    57
       Dagger            |    68 |   129 |    55 ||   252
       Punch             |     2 |     2 |       ||     4
 Fire: Hunting sling     |    18 |    38 |     4 ||    60
Throw: Throwing net      |     4 |     1 |       ||     5
Invok: Upheaval          |       |       |     1 ||     1
Evoke: Wand              |       |     2 |       ||     2
  Use: Scroll            |       |    10 |     2 ||    12
Armor: Leather armour    |     7 |       |       ||     7
       Ring mail         |    52 |     5 |       ||    57
       Scale mail        |       |    40 |    24 ||    64
Dodge: Dodged            |    86 |    55 |    29 ||   170
Block: Other             |     1 |    15 |     5 ||    21
